 Dungeon Crawl Stone Soup version 0.29.1-2-gbd0b4ee654 (webtiles) character file.

Game seed: 13020367702162285314

135 Ivernyr the Insei (level 5, -3/34 HPs)
             Began as an Octopode Transmuter on Oct 31, 2022.
             Killed from afar by Natasha (11 damage)
             ... with a magic dart
             ... on level 2 of the Dungeon.
             The game lasted 00:03:52 (2803 turns).

Ivernyr the Insei (Octopode Transmuter)             Turns: 2803, Time: 00:03:53

Health: -3/34      AC:  0    Str:  9    XL:     5   Next: 18%
Magic:  8/9        EV: 14    Int: 18    God:
Gold:   101        SH:  0    Dex: 12    Spells: 3/9 levels left

rFire   . . .      SeeInvis .     - Unarmed
rCold   . . .      Faith    .   (shield currently unavailable)
rNeg    . . .      Spirit   .   (helmet currently unavailable)
rPois   .          Reflect  .   (no amulet)
rElec   .          Harm     .   (ring currently unavailable)
rCorr   .          Rampage  .   (ring currently unavailable)
Will    .....                   (ring currently unavailable)
Stlth   +.........              (ring currently unavailable)
HPRegen 0.11/turn               (ring currently unavailable)
MPRegen 0.11/turn               (ring currently unavailable)
                                (ring currently unavailable)
                                (ring currently unavailable)

@: pig-form, very quick
A: fast, no casting, almost no armour, (amphibious), (8 rings), small,
(camouflage 1), (gelatinous body 1), (nimble swimmer 1), (tentacles)
a: no special abilities


You were on level 2 of the Dungeon.
You were a filthy swine.
You visited 1 branch of the dungeon, and saw 2 of its levels.

You collected 101 gold pieces.

Inventory:

Scrolls
 b - 2 scrolls of identify {unknown}
 c - a scroll of acquirement {unknown}
 d - 3 scrolls of enchant weapon {unknown}
 e - a scroll of teleportation {unknown}
 g - a scroll of enchant armour {unknown}
Potions
 a - a potion of lignification
 f - 2 potions of brilliance {unknown}
 h - a potion of haste {unknown}


   Skills:
 + Level 2.2 Fighting
 - Level 2.0 Dodging
 + Level 3.7 Unarmed Combat
 + Level 2.7 Spellcasting
 * Level 3.5 Transmutations


You had 3 spell levels left.
You knew the following spells:

 Your Spells              Type           Power      Damage    Failure   Level
a - Beastly Appendage     Tmut           30%        N/A       3%          1
b - Wereblood             Tmut           15%        N/A       6%          2
c - Spider Form           Tmut/Pois      8%         N/A       24%         3

Your spell library contained the following spells:

 Spells                   Type           Power      Damage    Failure   Level
 Frozen Ramparts          Ice            4%         1d1       45%         3
 Ice Form                 Ice/Tmut       8%         N/A       63%         4
 Summon Ice Beast         Ice/Summ       2%         N/A       86%         4


Dungeon Overview and Level Annotations

Branches:
Dungeon (2/15)

Altars:

Shops:
D:2 [

Annotations:
D:2 Natasha


Innate Abilities, Weirdness & Mutations

You are a filthy swine.
You move quickly.
Your equipment is almost entirely melded.
You are incapable of wielding weapons or throwing items.
You cannot cast spells.
You cannot wear most types of armour.
((You are amphibious.))
((You can wear up to eight rings at the same time.))
((Your skin changes colour to match your surroundings (Stealth+).))
((Your rubbery body absorbs attacks. (AC +1, EV +1)))
((You are camouflaged when in or above water. (Stealth+)))
((You have tentacles for arms and can constrict up to eight enemies at once.))


Message History

Your transformation is almost over.
Natasha wildly gestures.
You feel troubled.
You closely miss Natasha. Your grab misses Natasha.
Your tentacle spike misses Natasha.
Natasha completely misses you.
You tentacle-slap Natasha. You grab Natasha.
You pierce Natasha, but do no damage.
You tentacle-slap Natasha, but do no damage.
Natasha is moderately wounded.
You constrict Natasha, but do no damage.
Natasha howls an incantation.
You feel troubled. Natasha claws you but does no damage.
You tentacle-slap Natasha. You squeeze Natasha.
Natasha is heavily wounded.
You constrict Natasha, but do no damage.
Natasha zaps a wand.
Your tentacle spike disappears.
You turn into a filthy swine.
You lose your grip on Natasha.
You hit Natasha but do no damage.
Natasha is heavily wounded.
Natasha barely misses you.
Unknown command.
You closely miss Natasha.
Natasha is heavily wounded.
Natasha claws you.
You barely miss Natasha.
Natasha is heavily wounded.
You barely miss Natasha.
Natasha is heavily wounded.
Natasha hisses.
Natasha stares at you and mumbles some strange words.
The magic dart hits you.
* * * LOW HITPOINT WARNING * * *
Unknown command.
You hit Natasha.
Natasha is severely wounded.
Natasha stares at you and mumbles some strange words.
The magic dart hits you!
You die...

,***,,............#,,,,,,,,,* *,*
,***,,............#*****,,,** *,,
,*,,,,............######.,,* ***
,*,,,^...#...............,,*****,
,,,,,,...................,,,,,,,,
,,,,,,......#.............,****,,
,,***,.)...................,,,,,,
,,* *,......................,,***
,** *,..........h....[.......,,,,
,.#**,.......#+##h...........,***
#.#.,,....#.#...'............,*
....*,....#'#####............,*
.#..*,...,...####..........#*****
..#,*,..,.................###**,,
..#.,,,,..,..................,,,,
....,<*****...................,,,
..##'*,,,*,..........####.......,


You could see Natasha.

Vanquished Creatures
  Natasha (twice) (D:2)
  2 adders (D:2)
  4 dart slugs
  3 bats
  8 endoplasms
  2 giant cockroaches
  5 goblins (D:1)
  7 hobgoblins
  2 jackals (D:2)
  3 quokkas
  3 ball pythons (D:2)
  3 frilled lizards
  8 kobolds
  6 rats
58 creatures vanquished.

Notes
Turn   | Place    | Note
-------+----------+-------------------------------------------
     0 | D:1      | Ivernyr the Octopode Transmuter began the quest for the
                  | Orb.
     0 | D:1      | Reached XP level 1. HP: 13/13 MP: 3/3
   175 | D:1      | Reached XP level 2. HP: 15/18 MP: 3/5
   178 | D:1      | Learned a level 2 spell: Wereblood
   622 | D:1      | You fall into a shaft and drop 1 floor!
   713 | D:1      | Reached XP level 3. HP: 23/23 MP: 6/6
   719 | D:1      | Learned a level 3 spell: Spider Form
  1247 | D:1      | Found a faded altar of an unknown god.
  1477 | D:2      | Found Iryneq's Antique Armour Shop.
  1550 | D:2      | Reached XP level 4. HP: 11/29 MP: 3/7
  2523 | D:2      | Noticed Natasha
  2562 | D:2      | Killed Natasha
  2775 | D:2      | Noticed Natasha
  2784 | D:2      | Killed Natasha
  2785 | D:2      | Reached XP level 5. HP: 20/34 MP: 6/9
  2792 | D:2      | Noticed Natasha
  2803 | D:2      | Killed from afar by Natasha

Illustrated notes

Levels and vault maps discovered:
D:1:      heliophobic_arrival_dark_side_of_the_moon, layout_basic,
          shapermc_ecumenical_altar_hornbeckon, hangedman_decor_clover_reticule
D:2:      layout_basic, serial_shops, shop, minmay_tetromino_s4, uniq_natasha

Skill      XL: |  1  2  3  4 |
---------------+-------------+-----
Transmutations | 3 |  3.5
Fighting       | 2 |  2.2
Dodging        | |  2.0
Unarmed Combat | |  3.7
Spellcasting   | |  2.7

Action                   |  1- 3 |  4- 6 || total
-------------------------+-------+-------++-------
Melee: Unarmed           |    91 |    63 ||   154
       Tentacles         |    23 |    12 ||    35
       Constrict         |    24 |    13 ||    37
       Punch             |     4 |     2 ||     6
       Kick              |     8 |     9 ||    17
 Cast: Beastly Appendage |     4 |     2 ||     6
       Wereblood         |     2 |     1 ||     3
 Stab: Sleeping          |     2 |     4 ||     6
       Distracted        |       |     1 ||     1
Armor: Skin              |     4 |     6 ||    10
Dodge: Dodged            |    47 |    40 ||    87
